Map: Flashback LE

Players

Hammypan

  • Race: Terran Terran
  • League: Gold
  • Spawn Location: 11:00

Cerente

  • Race: Zerg Zerg
  • Spawn Location: 11:00

GammaRae

  • Race: Protoss Protoss
  • Spawn Location: 9:00

wyomble - Winner!

  • Race: Protoss Protoss
  • Spawn Location: 7:00

Migee - Winner!

  • Race: Terran Terran
  • Spawn Location: 7:00

PLutO - Winner!

  • Race: Protoss Protoss
  • League: Diamond
  • Spawn Location: 7:00

VOD

Have the link to the VOD?

Description

Time

  • Played on: July 15, 2020, 7:23 p.m.
  • Length: 12:42
Show
View Real Time Build Order
Export as new Build Order

Hammypan Terran 

Build Orders: Reaper Expand 

Get SALT Encoding   

  12  0:00  SCV  
  13  0:13  SCV  
  14  0:20  Supply Depot  
  14  0:25  SCV  
  15  0:41  SCV  
  16  0:43  Barracks  
  16  0:50  Refinery  
  16  0:54  SCV  
  17  1:07  SCV  
  18  1:19  SCV  
  19  1:32  Orbital Command  
  19  1:34  Reaper  
  19  1:37  Supply Depot  
  20  1:50  Barracks  
  20  1:52  Refinery  
  20  2:23  Factory  
  20  2:29  Barracks Tech Lab  
  20  2:31  Barracks  
  20  2:57  SCV  
  20  3:04  Command Center  
  20  3:17  SCV  
  21  3:28  Engineering Bay x2  
  21  3:33  Refinery  
  21  3:37  SCV  
  21  3:39  Barracks Tech Lab  
  22  3:47  Factory Tech Lab  
  22  3:49  SCV  
  22  3:50  Barracks Reactor  
  22  3:51  Starport  
  23  3:59  Missile Turret  
  23  4:06  SCV  
  23  4:08  Marine x2  
  23  4:09  Combat Shield  
  26  4:17  Orbital Command  
  26  4:25  Missile Turret  
  26  4:26  Marine  
  26  4:28  Starport Reactor  
  27  4:37  Marauder  
  29  4:39  Stimpack  
  28  4:53  Marauder  
  28  4:59  Marauder  
  31  5:08  Medivac  
  31  5:13  Missile Turret  
  27  5:33  Missile Turret  
  27  5:45  Orbital Command, Missile Turret  
  27  5:47  Marine  
  28  5:57  Missile Turret  
  28  6:11  SCV x2  
  30  6:19  Marine x2  
  30  6:20  Refinery  
  30  6:23  SCV x2  
  34  6:35  SCV x2  
  34  6:36  Marine x2  
  34  6:37  Marine  
  39  6:42  Missile Turret  
  39  6:47  SCV  
  39  6:48  SCV  
  41  6:55  Marine x4  
  41  7:00  SCV  
  46  7:05  Sensor Tower  
  46  7:10  Terran Infantry Weapons Level 1  
  46  7:22  SCV x2, Supply Depot, Marine x4  
  52  7:26  Supply Depot  
  50  7:34  SCV x2  
  52  7:42  Marine  
  52  7:43  Marine x3  
  56  7:44  Liberator  
  56  7:46  SCV x2  
  63  7:58  SCV x2  
  63  8:00  Medivac, Marine  
  66  8:10  SCV x2  
  57  8:27  Medivac  
  57  8:29  Marine x4  
  62  8:45  Medivac  
  62  8:47  Marine x2  
  62  8:48  Marauder x2  
  67  8:57  Medivac  
  69  9:05  Marine, Barracks  
  69  9:06  Barracks  
  69  9:09  Barracks  
  70  9:35  Fusion Core  
  70  9:45  Supply Depot  
  70  9:50  Supply Depot  
  70  10:01  Concussive Shells  
  70  10:07  Medivac, Marauder, Marine, Liberator  
  70  10:08  Marauder  
  70  10:12  Marine, Siege Tank  
  82  10:17  Marine x3  
  85  10:23  Supply Depot  
  85  10:24  Supply Depot, Marine  
  85  10:25  Supply Depot  
  86  10:30  Marine  
  86  10:32  Marauder x2  
  86  10:34  Terran Infantry Armor Level 1  
  86  10:35  Marine x3  
  78  10:42  Marine  
  68  10:48  Marine  
  66  10:52  Liberator x2  
  66  10:53  Marauder, Marine  
  66  10:54  Barracks Tech Lab  
  66  10:55  Barracks Tech Lab x2  
  75  11:00  Marine  
  76  11:06  Marine  
  76  11:09  Starport  
  79  11:11  Marauder  
  79  11:13  Starport  
  79  11:14  Marine, Starport  
  79  11:16  Supply Depot  
  79  11:18  Supply Depot x2, Starport  
  80  11:21  Supply Depot  
  80  11:22  Supply Depot  
  80  11:32  Marauder, Marine  
  83  11:35  Command Center  
  83  11:40  Marine x2  
  83  11:41  Marauder x2, Marine  
  83  11:42  Supply Depot  
  86  11:50  Marauder  
  86  11:53  Marine  
  88  11:56  Armory  
  88  11:58  Armory  
  88  11:59  Marauder  
  88  12:00  Starport Tech Lab  
  88  12:01  Starport Tech Lab x2  
  83  12:14  Starport Tech Lab  
  82  12:20  Starport Tech Lab  
Show
View Real Time Build Order
Export as new Build Order

Cerente Zerg 

Build Orders: Hatch First 

Get SALT Encoding   

  12  0:01  Drone  
  13  0:08  Drone  
  14  0:16  Drone, Extractor  
  15  0:23  Overlord  
  15  0:41  Drone x2  
  17  0:47  Drone  
  18  1:01  Overlord  
  18  1:05  Hatchery  
  18  1:08  Extractor  
  16  1:20  Spawning Pool  
  16  1:22  Drone  
  16  1:25  Drone  
  16  1:31  Drone  
  18  1:39  Drone  
  19  2:07  Queen  
  21  2:09  Zergling x4, Metabolic Boost  
  21  2:13  Drone  
  24  2:17  Queen  
  24  2:21  Drone  
  27  2:26  Drone  
  28  2:32  Drone  
  28  2:33  Drone  
  30  2:39  Drone  
  30  2:43  Drone  
  32  3:14  Drone  
  32  3:15  Drone x3  
  36  3:20  Hatchery  
  35  3:29  Roach Warren, Drone  
  35  3:30  Drone  
  35  3:32  Overlord x3  
  36  3:51  Drone  
  37  3:57  Drone  
  37  3:58  Drone x4  
  37  4:00  Zergling x6  
  45  4:09  Zergling x2  
  46  4:10  Zergling x4  
  46  4:14  Lair  
  48  4:17  Drone  
  48  4:18  Extractor  
  48  4:22  Zergling x4  
  50  4:30  Zergling x2  
  51  4:32  Zergling x2  
  51  4:37  Zergling x2  
  51  4:38  Zergling x6  
  56  4:45  Roach x3  
  62  4:51  Roach  
  61  5:17  Overlord x4  
  61  5:18  Overlord  
  57  5:25  Spore Crawler, Queen  
  57  5:26  Spore Crawler  
  55  5:28  Spore Crawler  
  53  5:38  Drone x5  
  53  5:39  Drone x2  
  53  5:40  Drone  
  53  5:41  Drone  
  62  5:46  Hydralisk Den  
  57  6:03  Glial Reconstitution  
  55  6:04  Drone  
  55  6:05  Drone x8  
  58  6:14  Spore Crawler  
  58  6:17  Spore Crawler, Drone  
  58  6:18  Drone x9  
  64  6:23  Extractor  
  64  6:25  Grooved Spines  
  63  6:26  Extractor  
  63  6:28  Hydralisk x2  
  63  6:30  Hydralisk  
  63  6:31  Hydralisk  
  70  6:37  Hydralisk  
  58  6:53  Drone x9  
  58  6:54  Drone x2  
  69  6:56  Hydralisk  
  71  7:03  Evolution Chamber  
  71  7:05  Drone x2  
  71  7:07  Evolution Chamber  
  71  7:11  Drone  
  71  7:12  Hydralisk, Drone  
  71  7:14  Hydralisk x2  
  79  7:17  Drone  
  80  7:41  Overlord x2  
  80  7:42  Overlord x3  
  80  7:46  Zerg Melee Weapons Level 1, Zerg Ground Armor Level 1  
  80  7:51  Spine Crawler  
  80  7:52  Spine Crawler  
  80  7:53  Spine Crawler  
  77  8:03  Roach x7  
  91  8:08  Roach  
  91  8:10  Roach  
  87  8:12  Roach  
  87  8:13  Roach x2  
  87  8:16  Roach  
  87  8:19  Roach  
  84  8:26  Roach  
  65  8:52  Overlord x2  
  64  9:01  Overlord  
  64  9:13  Overlord x2  
  64  9:24  Overlord  
  64  9:31  Queen  
  66  9:36  Overlord x2  
  61  9:52  Drone  
  61  9:53  Drone x5  
  61  9:55  Drone  
  67  10:03  Ravager  
  64  10:15  Drone x2  
  64  10:16  Drone x5  
  64  10:18  Drone  
  72  10:23  Drone  
  72  10:24  Drone  
  72  10:26  Drone  
  73  10:35  Drone  
  68  10:36  Drone x4  
  68  10:37  Drone  
  68  10:38  Drone  
  66  10:45  Drone  
  66  10:46  Drone x2  
  60  10:54  Overlord  
  60  10:55  Overlord x5  
Show
View Real Time Build Order
Export as new Build Order

GammaRae Protoss 

Build Orders: 1 Gate Expand 

Get SALT Encoding   

  12  0:01  Probe  
  13  0:13  Probe  
  14  0:18  Pylon  
  14  0:25  Probe  
  15  0:35  Probe  
  15  0:39  Gateway  
  16  0:44  Probe  
  17  0:53  Probe  
  17  0:54  Assimilator  
  18  1:06  Probe  
  19  1:18  Probe  
  20  1:28  Nexus  
  20  1:40  Cybernetics Core  
  20  1:45  Probe  
  21  1:54  Assimilator  
  21  2:01  Probe  
  22  2:05  Pylon  
  22  2:13  Probe  
  23  2:24  Warp Gate  
  23  2:25  Probe, Stalker  
  25  2:32  Shield Battery  
  24  2:37  Probe  
  24  2:43  Probe  
  26  2:49  Probe  
  27  2:55  Probe  
  28  3:01  Probe, Pylon  
  28  3:02  Assimilator  
  29  3:07  Probe  
  30  3:13  Probe  
  30  3:16  Stargate  
  30  3:19  Probe  
  32  3:25  Probe  
  33  3:29  Probe  
  33  3:33  Probe, Shield Battery  
  34  3:37  Probe  
  36  3:41  Stargate  
  36  3:46  Probe, Forge  
  36  3:49  Probe  
  38  4:03  Probe  
  38  4:07  Void Ray  
  38  4:08  Probe  
  44  4:12  Shield Battery  
  44  4:15  Shield Battery  
  44  4:16  Probe  
  45  4:18  Protoss Air Weapons Level 1  
  45  4:20  Probe  
  46  4:25  Stalker  
  46  4:30  Probe  
  49  4:32  Assimilator  
  49  4:33  Probe  
  50  4:41  Photon Cannon  
  50  4:46  Photon Cannon  
  49  5:13  Probe  
  50  5:21  Probe  
  50  5:25  Probe  
  50  5:27  Fleet Beacon  
  52  5:29  Pylon  
  52  5:33  Probe  
  53  5:36  Pylon  
  53  5:37  Probe  
  54  5:43  Photon Cannon  
  54  5:44  Pylon  
  54  5:47  Probe  
  55  5:59  Probe  
  56  6:10  Twilight Council  
  56  6:11  Gateway  
  56  6:15  Photon Cannon  
  56  6:19  Photon Cannon  
  56  6:22  Photon Cannon  
  56  6:24  Protoss Air Armor Level 1  
  56  6:26  Stalker  
  56  6:27  Probe  
  59  6:41  Tempest  
  59  6:42  Tempest  
  59  6:44  Nexus, Assimilator  
  59  6:45  Pylon  
  69  6:48  Dark Shrine  
  69  6:49  Pylon  
  69  6:51  Probe  
  67  6:55  Probe  
  67  7:03  Probe  
  67  7:07  Probe  
  69  7:11  Photon Cannon  
  69  7:13  Photon Cannon  
  69  7:15  Probe, Pylon  
  68  7:16  Stargate  
  69  7:25  Shield Battery  
  69  7:26  Tempest  
  69  7:28  Shield Battery  
  61  7:40  Tempest  
  66  7:46  Probe x2  
  68  7:56  Gateway  
  68  7:57  Gateway  
  68  7:58  Probe  
  68  7:59  Probe  
  68  8:11  Gateway  
  68  8:12  Tempest  
  65  8:21  Dark Templar x2  
  69  8:30  Probe  
  69  8:31  Probe  
  71  8:35  Archon  
  71  8:42  Probe  
  72  8:57  Nexus  
  72  8:59  Pylon  
  72  9:00  Assimilator  
  72  9:01  Dark Templar x3  
  77  9:02  Dark Templar  
  77  9:07  Probe x2  
  77  9:12  Archon  
  77  9:13  Archon  
  77  9:17  Protoss Ground Weapons Level 1  
  77  9:19  Probe  
  77  9:20  Pylon  
  77  9:21  Probe  
  79  9:30  Photon Cannon  
  79  9:31  Probe, Shield Battery  
  80  9:33  Probe  
  80  9:34  Photon Cannon, Protoss Air Weapons Level 2  
  80  9:35  Shield Battery  
  80  9:36  Dark Templar  
  80  9:37  Dark Templar x2  
  87  9:39  Dark Templar  
  84  10:07  Archon x2  
  84  10:13  Probe x3  
  87  10:15  Pylon  
  87  10:18  Dark Templar x4  
Show
View Real Time Build Order
Export as new Build Order

wyomble Protoss - Winner!

Build Orders:  

Get SALT Encoding   

  12  0:01  Probe  
  13  0:14  Pylon  
  13  0:19  Probe  
  14  0:31  Probe  
  15  0:36  Gateway  
  15  0:41  Probe  
  15  0:49  Probe  
  17  0:58  Probe, Gateway  
  18  1:07  Assimilator  
  18  1:12  Probe  
  19  1:25  Cybernetics Core  
  19  1:31  Assimilator  
  19  1:35  Pylon  
  19  1:41  Probe  
  20  1:54  Stalker x2  
  24  2:16  Warp Gate  
  24  2:20  Gateway  
  24  2:25  Pylon  
  24  2:41  Gateway  
  24  2:53  Stalker  
  24  2:55  Stalker  
  28  2:59  Probe  
  29  3:16  Stalker  
  31  3:25  Stalker  
  33  3:29  Probe  
  33  3:32  Pylon  
  34  3:41  Probe  
  35  4:05  Stalker  
  35  4:06  Stalker  
  35  4:07  Adept  
  41  4:10  Stalker  
  43  4:28  Pylon  
  43  4:31  Probe  
  43  4:35  Stalker  
  38  5:21  Stalker x4  
  44  5:51  Stalker  
  44  5:52  Adept x2  
  44  5:53  Zealot  
  52  6:07  Robotics Facility  
  52  6:26  Nexus  
  52  6:27  Probe  
  52  6:28  Pylon  
  53  6:37  Pylon  
  53  6:40  Forge  
  53  6:42  Twilight Council  
  53  6:56  Observer  
  54  7:03  Sentry  
  54  7:04  Sentry x2  
  54  7:05  Sentry  
  62  7:43  Zealot x3  
  68  7:44  Stalker  
  53  8:28  Protoss Ground Weapons Level 1  
  43  8:41  Probe x2  
  43  8:45  Zealot x2  
  43  8:46  Stalker x2  
  53  8:53  Probe  
  53  8:54  Probe, Forge  
  55  9:01  Robotics Bay  
  55  9:03  Probe  
  55  9:04  Probe  
  57  9:10  Dark Shrine  
  57  9:12  Probe x2  
  59  9:19  Assimilator  
  59  9:20  Probe x2  
  60  9:25  Protoss Ground Armor Level 1  
  60  9:27  Assimilator  
  61  9:31  Pylon  
  61  9:32  Probe  
  62  9:43  Observer  
  63  10:10  Stalker x4  
  53  10:56  Observer  
  50  10:57  Dark Templar  
  50  10:58  Dark Templar x2  
  56  11:04  Probe x2  
  58  11:15  Gateway  
  58  11:16  Probe  
  58  11:17  Gateway  
  58  11:18  Gateway  
  59  11:20  Gateway  
  59  11:24  Pylon  
  59  11:26  Stalker  
  59  11:30  Pylon  
  61  11:56  Nexus  
Show
View Real Time Build Order
Export as new Build Order

Migee Terran - Winner!

Build Orders: Reaper Expand, Mech 

Get SALT Encoding   

  12  0:01  SCV  
  13  0:13  SCV  
  14  0:21  Supply Depot  
  14  0:25  SCV  
  15  0:41  Refinery  
  15  0:43  SCV  
  15  0:49  Barracks  
  16  0:55  SCV  
  17  1:07  SCV  
  18  1:19  SCV  
  19  1:37  Reaper  
  20  1:41  Command Center  
  20  1:43  Orbital Command  
  20  2:08  Supply Depot  
  20  2:09  Factory  
  20  2:13  SCV  
  22  2:35  Barracks Reactor  
  20  2:47  SCV  
  21  2:59  SCV, Orbital Command  
  21  3:04  Command Center  
  22  3:13  Engineering Bay  
  22  3:18  Refinery  
  22  3:27  Hellion  
  22  3:29  Hellion  
  22  3:31  SCV  
  22  3:32  SCV  
  28  3:36  Marine  
  29  3:44  SCV, Missile Turret  
  29  3:50  SCV  
  30  4:00  Marine  
  30  4:02  SCV, Widow Mine x2  
  36  4:03  SCV  
  37  4:14  SCV  
  37  4:15  SCV  
  39  4:18  Missile Turret  
  39  4:23  Hellion x2  
  43  4:26  SCV  
  43  4:27  SCV  
  45  4:41  Factory  
  45  4:44  Hellion, Refinery x2, Widow Mine  
  49  4:48  Missile Turret  
  49  4:54  Missile Turret  
  49  4:59  SCV x2  
  51  5:06  Widow Mine  
  53  5:08  Missile Turret  
  53  5:09  Armory  
  53  5:11  SCV x2  
  53  5:12  Missile Turret  
  55  5:23  SCV x2  
  51  5:35  SCV x2  
  51  5:37  Factory Tech Lab  
  51  5:38  Factory  
  51  5:47  SCV x2  
  53  5:55  Widow Mine  
  53  5:56  Marine  
  56  5:59  SCV  
  57  6:14  Cyclone, Marine  
  61  6:21  Factory  
  61  6:22  Terran Vehicle Weapons Level 1  
  61  6:25  Armory  
  61  6:26  Factory  
  61  6:28  Factory  
  61  6:29  Supply Depot  
  61  6:33  Sensor Tower  
  61  6:34  Supply Depot x2  
  61  6:46  Missile Turret  
  61  6:50  SCV x2, Planetary Fortress, Cyclone, Marine  
  61  6:51  Widow Mine  
  69  6:56  Widow Mine  
  69  6:57  Factory Tech Lab  
  71  7:02  SCV x2  
  71  7:07  Missile Turret  
  71  7:08  Marine  
  74  7:14  SCV x2  
  74  7:15  Widow Mine x2, Factory Tech Lab  
  80  7:16  Factory Reactor  
  80  7:25  Sensor Tower  
  80  7:26  Marine  
  80  7:27  SCV x2  
  83  7:30  Refinery  
  83  7:31  Supply Depot  
  83  7:38  Factory Tech Lab  
  83  7:39  SCV x2  
  85  7:51  Supply Depot  
  85  7:52  SCV, Hellbat x3, Marine  
  85  7:54  Supply Depot x2  
  85  7:55  Supply Depot  
  93  8:08  SCV, Hellbat  
  93  8:12  Thor  
  82  8:20  Thor x2  
  82  8:21  Hellion  
  82  8:22  Hellbat x3  
  100  8:28  SCV x2, Refinery  
  100  8:29  SCV, Hellbat  
  104  8:40  SCV, Terran Vehicle And Ship Armor Level 1  
  104  8:41  SCV x2  
  107  8:44  Terran Vehicle Weapons Level 2  
  107  8:51  Infernal Pre-Igniter  
  107  8:53  SCV x3  
  109  9:05  SCV x3  
  112  9:13  Thor  
  118  9:23  Command Center  
  118  9:30  Missile Turret  
  118  9:34  Starport  
  118  9:36  Thor  
  124  9:41  SCV  
  125  9:48  Supply Depot  
  125  9:49  Widow Mine  
  125  9:50  Hellbat, Widow Mine  
  125  9:51  SCV x2, Hellbat x3  
  129  9:53  SCV, Supply Depot  
  129  9:56  Hellbat  
  124  10:03  SCV x2  
  124  10:05  SCV  
  107  10:10  Hellbat  
  107  10:11  Hellbat  
  107  10:12  Hellbat  
  107  10:13  Hellion  
  113  10:15  SCV  
  113  10:17  Siege Tank  
  113  10:19  Siege Tank  
  118  10:33  Siege Tank  
  118  10:35  Refinery  
  113  10:37  Cyclone, Refinery  
  113  10:38  Widow Mine x2  
  117  10:43  Missile Turret  
  117  10:44  Missile Turret  
  117  10:47  Missile Turret  
  117  10:49  Thor  
  123  10:50  Missile Turret  
  123  10:51  Thor  
  129  11:00  Hellbat x2  
  133  11:05  Siege Tank  
  133  11:06  Starport Reactor, Missile Turret  
  133  11:09  Thor  
  142  11:18  Hellion  
  142  11:28  Hellbat x3, Widow Mine  
  142  11:32  Thor  
  156  11:33  Thor  
  156  11:38  Thor  
  162  11:49  Hellbat  
  164  12:16  Supply Depot  
  164  12:21  Missile Turret  
  164  12:22  Supply Depot  
  164  12:23  Supply Depot  
  164  12:38  Supply Depot  
  172  12:41  Supply Depot  
Show
View Real Time Build Order
Export as new Build Order

PLutO Protoss - Winner!

Build Orders: Phoenix Opening, Carriers, Mass Phoenix 

Get SALT Encoding   

  12  0:00  Probe  
  13  0:12  Probe  
  14  0:20  Pylon  
  14  0:25  Probe  
  15  0:34  Probe  
  15  0:42  Probe  
  17  0:56  Probe  
  18  1:08  Probe  
  19  1:15  Nexus  
  19  1:17  Pylon  
  19  1:22  Probe  
  20  1:30  Gateway  
  20  1:40  Pylon  
  20  1:44  Probe  
  21  1:47  Assimilator  
  21  1:49  Assimilator  
  21  1:56  Probe  
  22  2:08  Probe  
  23  2:19  Cybernetics Core  
  23  2:21  Probe  
  24  2:23  Probe  
  24  2:29  Assimilator  
  25  2:31  Probe  
  25  2:33  Probe  
  27  2:38  Assimilator  
  27  2:41  Probe  
  28  2:45  Probe  
  28  2:49  Pylon  
  29  2:53  Probe  
  29  2:57  Probe  
  31  3:00  Stargate  
  31  3:02  Probe  
  32  3:09  Probe  
  32  3:10  Probe  
  33  3:16  Stargate  
  33  3:18  Probe  
  33  3:19  Probe  
  34  3:26  Probe  
  36  3:31  Probe  
  38  3:35  Probe  
  38  3:41  Pylon  
  39  3:44  Probe, Phoenix  
  42  3:51  Probe  
  43  3:56  Probe, Pylon  
  43  3:58  Phoenix  
  46  4:04  Phoenix  
  46  4:09  Stargate  
  48  4:12  Probe  
  48  4:14  Phoenix  
  49  4:19  Pylon  
  49  4:24  Phoenix  
  51  4:28  Probe  
  54  4:39  Phoenix  
  54  4:41  Nexus  
  54  4:44  Pylon  
  57  4:45  Probe  
  57  4:47  Probe  
  57  4:49  Phoenix  
  60  4:57  Probe, Phoenix  
  63  5:04  Phoenix  
  65  5:24  Phoenix  
  65  5:25  Phoenix  
  69  5:29  Phoenix  
  69  5:34  Probe x2  
  73  5:37  Pylon  
  73  5:42  Pylon  
  73  5:44  Fleet Beacon  
  73  5:46  Probe  
  73  5:47  Probe  
  73  5:49  Phoenix  
  77  5:55  Assimilator  
  77  5:56  Probe  
  78  5:59  Probe x2  
  78  6:00  Assimilator  
  80  6:08  Probe  
  80  6:11  Probe x2  
  83  6:18  Phoenix x3  
  89  6:20  Probe  
  89  6:23  Probe x2  
  92  6:32  Probe  
  93  6:35  Probe x2  
  95  6:44  Probe  
  94  6:47  Probe x2  
  96  6:55  Phoenix x3  
  96  6:56  Probe  
  96  6:59  Probe x2  
  105  7:03  Cybernetics Core  
  105  7:08  Probe, Stargate  
  105  7:11  Probe x2  
  105  7:12  Pylon  
  105  7:15  Protoss Air Weapons Level 1, Pylon  
  108  7:20  Probe  
  109  7:30  Probe x2, Phoenix x2  
  113  7:40  Carrier  
  113  7:44  Nexus  
  117  7:47  Pylon  
  117  7:49  Pylon  
  117  7:52  Carrier  
  117  7:56  Probe  
  124  8:01  Pylon  
  124  8:03  Protoss Air Armor Level 1, Pylon  
  124  8:05  Carrier  
  130  8:08  Probe  
  129  8:55  Carrier  
  129  8:56  Carrier  
  129  8:57  Carrier  
  142  9:10  Probe x4  
  142  9:12  Assimilator  
  145  9:17  Assimilator  
  145  9:18  Carrier  
  145  9:20  Stargate, Forge  
  145  9:22  Probe x2  
  145  9:23  Pylon  
  145  9:24  Protoss Air Weapons Level 2  
  153  9:34  Probe  
  153  9:38  Stargate  
  154  9:46  Probe  
  154  9:50  Carrier  
  155  9:57  Carrier  
  165  10:07  Carrier  
  165  10:10  Robotics Facility  
  165  10:15  Pylon  
  165  10:19  Pylon  
  171  10:22  Photon Cannon  
  171  10:24  Photon Cannon  
  167  10:48  Probe x2  
  169  10:58  Carrier x2  
  169  11:00  Carrier  
  169  11:03  Observer  
  188  11:09  Photon Cannon x2  
  188  11:11  Photon Cannon  
  188  11:12  Photon Cannon  
  188  11:14  Photon Cannon  
  188  11:20  Nexus  
  188  11:21  Carrier  
  188  11:23  Pylon  
  194  11:26  Pylon  
Tags
 
Add a new tag
Caveats
  • Supply blocks, unpowered buildings, or Contaminate may cause inaccurate times.
  • Supply counts are checked every 10 seconds.